 Dungeon Crawl Stone Soup version 0.17.0-28-g6e173f8 (webtiles) character file.

43886 fredomojojo the Blocker (level 13, -1/183 HPs)
             Began as a Minotaur Fighter on Nov 27, 2015.
             Was the Champion of Okawaru.
             Slain by a dire elephant (14 damage)
             ... on level 8 of the Lair of Beasts.
             The game lasted 03:41:38 (14311 turns).

fredomojojo the Blocker (Minotaur Fighter)         Turns: 14311, Time: 03:41:38

Health: -1/183     AC: 26    Str: 29    XL:     13   Next: 93%
Magic:  4/4        EV:  2    Int:  5    God:    Okawaru [******]
Gold:   943        SH: 16    Dex: 10    Spells: 0 memorised, 12 levels left

rFire  . . .     SeeInvis +     C - +9 quick blade "Foesub" {antimagic, +Blink rF+ MR+ Str+3}
rCold  + . .     Clarity  +     (armour currently unavailable)
rNeg   + + +     SustAt   .     c - +0 shield
rPois  +         Gourm    .     (helmet currently unavailable)
rElec  .         Spirit   .     (cloak currently unavailable)
rCorr  .         Warding  .     (gloves currently unavailable)
rMut   .         NoTele   +     (boots currently unavailable)
MR     +....                    F - amulet of clarity
Stlth  ++++......               R - ring of ice
                                B - ring of see invisible

@: tree-form, heroism, somewhat resistant to hostile enchantments, stealthy
A: (retaliatory headbutt), (horns 0)
a: Heroism, Finesse, Renounce Religion, Evoke Blink


You were on level 8 of the Lair of Beasts.
You worshipped Okawaru.
Okawaru was exalted by your worship.
You were not hungry.
You were a tree.
You visited 3 branches of the dungeon, and saw 21 of its levels.
You also visited: Sewer and Volcano.

You collected 943 gold pieces.

Inventory:

Hand Weapons
 b - a +2 scimitar of slicing
 j - a +4 dagger of flaming
 r - a +2 rapier of electrocution
 w - a +2 morningstar of protection
 C - the +9 quick blade "Foesub" (weapon) {antimagic, +Blink rF+ MR+ Str+3}
   (Okawaru gifted it to you on level 11 of the Dungeon)

   It disrupts the flow of magical energy around spellcasters and certain
   magical creatures (including the wielder).
   It affects your strength (+3).
   It protects you from fire.
   It affects your resistance to hostile enchantments.
   It lets you blink.
 H - the +4 dagger of Honesty {freeze, Dex+9}
   (You found it on level 4 of the Dungeon)

   It has been specially enchanted to freeze those struck by it, causing extra
   injury to most foes and up to half again as much damage against particularly
   susceptible opponents.
   It can also slow down cold-blooded creatures.
   It affects your dexterity (+9).
 S - a +1 short sword of draining
Missiles
 g - 6 javelins (quivered)
 G - 7 poisoned javelins
Armour
 c - a +0 shield (worn)
 n - a +2 cloak (melded)
 D - a +2 pair of gloves (melded)
 L - a +2 hat of magic resistance (melded)
 P - a +1 crystal plate armour (melded)
Jewellery
 B - a ring of see invisible (left branch)
 F - an amulet of clarity (around neck)
 R - a ring of ice (right branch)
Wands
 a - a wand of draining (9)
 t - a wand of magic darts (35)
 x - a wand of slowing (22)
 E - a wand of disintegration (13)
 J - a wand of teleportation (4)
 K - a wand of confusion (6)
 M - a wand of digging (11)
 O - a wand of frost (20)
 U - a wand of fireball (3)
 V - a wand of slowing (17)
 Y - a wand of slowing (32)
 Z - a wand of fireball (7)
Scrolls
 i - 6 scrolls of fear
 o - 3 scrolls of identify
 p - 2 scrolls of remove curse
 s - a scroll of amnesia
 y - 6 scrolls of blinking
 z - 4 scrolls of teleportation
 W - a scroll of holy word
Potions
 d - 3 potions of might
 h - 9 potions of curing
 k - a potion of invisibility
 l - 3 potions of lignification
 m - 4 potions of heal wounds
 u - a potion of cure mutation
 A - a potion of flight
 I - a potion of resistance
 T - a potion of agility
Miscellaneous
 Q - a box of beasts
 X - a disc of storms
Comestibles
 e - 4 bread rations
 f - 11 meat rations
 q - 17 chunks of flesh
 v - 4 fruits
 N - a royal jelly


   Skills:
 + Level 13.4(18.4) Fighting
 - Level 9.5(16.6) Short Blades
 + Level 12.0(18.3) Long Blades
 + Level 8.1(13.1) Maces & Flails
 + Level 13.6(18.6) Armour
 + Level 13.7(18.7) Shields


You had 12 spell levels left.
You didn't know any spells.

Dungeon Overview and Level Annotations

Branches:
Dungeon (12/15)            Temple (1/1) D:4            Lair (8/8) D:11
  Swamp (0/4) Lair:6       Spider (0/4) Lair:3        Slime (0/6) Lair:7
    Orc: D:9-12

Altars:
Ashenzari
Cheibriados
Elyvilon
Fedhas
Gozag
Kikubaaqudgha
Makhleb
Nemelex Xobeh
Okawaru
Qazlal
Ru
Sif Muna
Trog
Xom
Zin
The Shining One

Shops:
D:8 [   D:10 %


Innate Abilities, Weirdness & Mutations

((You reflexively headbutt those who attack you in melee.))
((You have a pair of horns on your head.))


Message History

You block the dire elephant's attack.
The dire elephant trunk-slaps you but does no damage.
You hit the dire elephant.
The dire elephant is moderately wounded.
You hit the dire elephant.
The dire elephant is moderately wounded.
You hit the dire elephant.
The dire elephant is moderately wounded.
You puncture the dire elephant!
The dire elephant is heavily wounded.
You block the dire elephant's attack. The dire elephant trunk-slaps you.
* * * LOW HITPOINT WARNING * * *
You puncture the dire elephant!
The dire elephant is heavily wounded.
You hit the dire elephant but do no damage.
The dire elephant is heavily wounded.
You hit the dire elephant but do no damage.
The dire elephant is heavily wounded.
The dire elephant tramples you!
You die...

♣ #.#### #♣8 ♣..PP ##.♣
#..P. # #..# #..P######
#..## #.....##.#
##...##### #.....#...
#...##...+ #♣...#..#..
#...'Y.### #....#.P...
##...#8♣..# #♣..........
#...#####.# ♣...........
###..Y..#.##♣...........
#..'..#..#♣...........
####..##.##...........
#...#.###..........
#8.8#..P#♣......P..
##'####.##.....P...
##...≈#..#....÷#...


You could see a dire elephant.

Vanquished Creatures
  Gastronok (Lair:1)
  Kirke (Lair:6)
  A dire elephant (Lair:8)
  3 hydras
  A catoblepas (Lair:7)
  An anaconda (Lair:8)
  The ghost of skk the Fighter, a novice MiGl of Okawaru (D:10)
  2 unseen horrors (D:10)
  A manticore (D:11)
  A griffon (Lair:7)
  An ugly thing (D:11)
  The ghost of graki42 the Magician, a novice DEFE of Vehumet (D:5)
  Joseph (D:9)
  13 spiny frogs
  17 elephants
  3 black mambas
  2 centaur skeletons
  A gargoyle (D:11)
  2 komodo dragons
  A fire drake (Lair:3)
  2 polar bears (Lair:7)
  2 trolls
  A two-headed ogre (D:9)
  14 blink frogs
  2 slime creatures (Lair:7)
  A boulder beetle (D:9)
  3 wyverns
  2 trapdoor spiders (D:11)
  2 spriggans (Lair:7)
  A shadow (D:11)
  2 deep elf magi (D:10)
  5 hippogriffs
  21 yaks
  2 hogs (Lair:6)
  A basilisk (Lair:1)
  A hell hound (D:11)
  8 wolves
  14 water moccasins
  9 porcupines
  3 black bears
  3 orc warriors (D:11)
  7 necrophages
  3 phantoms
  6 ogres
  6 spiders (Lair:3)
  7 centaurs
  13 crocodiles
  4 big kobolds
  A gnoll sergeant (D:11)
  21 giant frogs
  2 scorpions
  5 wights (D:8)
  4 electric eels (D:11)
  3 crimson imps
  2 centaur zombies
  6 hounds
  5 jellies
  7 iguanas
  6 orc priests
  3 giant frog skeletons
  4 orc wizards
  A quasit (D:11)
  8 worker ants
  Natasha (thrice) (D:3)
  2 hound skeletons
  A mummy (D:8)
  9 gnolls
  3 worker ant zombies
  8 adders
  46 river rats
  A shadow imp (D:5)
  4 oozes
  2 worms (D:2)
  4 giant geckos
  21 orcs
  10 bats
  12 giant cockroaches
  11 goblins
  7 hobgoblins
  4 jackals
  7 quokkas
  6 ball pythons
  3 giant newts
  A jackal zombie (D:8)
  27 kobolds
  A quokka skeleton (D:5)
  2 quokka zombies (D:8)
  10 rats
  2 plants (Lair:8)
485 creatures vanquished.

Vanquished Creatures (others)
  2 humans (Lair:6)
  2 fungi
  A plant (Lair:8)
  4 toadstools (D:1)
9 creatures vanquished.

Grand Total: 494 creatures vanquished

Notes
Turn   | Place    | Note
--------------------------------------------------------------
     0 | D:1      | fredomojojo the Minotaur Fighter began the quest for the Orb.
     0 | D:1      | Reached XP level 1. HP: 19/19 MP: 0/0
   145 | D:2      | Reached skill level 4 in Fighting
   188 | D:2      | Reached XP level 2. HP: 27/27 MP: 1/1
   483 | D:1      | Reached XP level 3. HP: 33/33 MP: 2/2
  1098 | D:3      | Reached XP level 4. HP: 27/41 MP: 3/3
  1375 | D:3      | Found a glowing drain.
  1400 | Sewer    | Entered a sewer
  1454 | Sewer    | Noticed a big kobold
  1465 | Sewer    | Killed a big kobold
  1465 | Sewer    | Reached skill level 5 in Armour
  1465 | Sewer    | Reached XP level 5. HP: 34/47 MP: 4/4
  1585 | Sewer    | Reached skill level 5 in Fighting
  1794 | D:3      | Found a faded altar to an unknown god.
  1837 | D:3      | Reached skill level 1 in Short Blades
  1837 | D:3      | Reached XP level 6. HP: 52/56 MP: 5/5
  1957 | D:3      | Noticed Natasha
  1966 | D:3      | Killed Natasha
  2053 | D:3      | Noticed Natasha
  2059 | D:3      | Killed Natasha
  2065 | D:3      | Noticed Natasha
  2222 | D:4      | Found a staircase to the Ecumenical Temple.
  2292 | D:3      | Killed Natasha
  2351 | Temple   | Entered the Ecumenical Temple
  2462 | Temple   | Became a worshipper of Warmaster Okawaru
  2492 | D:5      | Entered Level 5 of the Dungeon
  2648 | D:4      | Reached skill level 5 in Shields
  2934 | D:4      | Noticed an ogre
  2942 | D:4      | Killed an ogre
  2942 | D:4      | Reached XP level 7. HP: 61/61 MP: 6/6
  2983 | D:4      | Got a crystal dagger
  2984 | D:4      | Identified the +4 dagger of Honesty {freeze, Dex+9} (You found it on level 4 of the Dungeon)
  3065 | D:5      | Noticed graki42's ghost (novice DEFE)
  3083 | D:5      | Killed graki42's ghost
  3083 | D:5      | Reached * piety under Okawaru
  3083 | D:5      | Reached skill level 6 in Fighting
  3083 | D:5      | Reached skill level 5 in Long Blades
  3967 | D:6      | Reached ** piety under Okawaru
  3967 | D:6      | Reached XP level 8. HP: 70/70 MP: 7/7
  3981 | D:6      | Found a bloodstained altar of Trog.
  3983 | D:6      | Found an opulent altar of Gozag.
  4012 | D:6      | Found a burning altar of Makhleb.
  4065 | D:6      | Found a stormy altar of Qazlal.
  4066 | D:6      | Found a deep blue altar of Sif Muna.
  4489 | D:8      | Reached skill level 7 in Armour
  4545 | D:7      | Found an ancient bone altar of Kikubaaqudgha.
  4704 | D:7      | Found a glowing silver altar of Zin.
  4930 | D:8      | Reached XP level 9. HP: 44/77 MP: 8/8
  5127 | D:8      | Reached *** piety under Okawaru
  5127 | D:8      | Reached skill level 5 in Short Blades
  5470 | D:8      | Got a bronze ring mail
  5481 | D:8      | Identified the +1 ring mail "Fautt" {+Blink +Inv Regen+ MP+9} (You took it off a gnoll on level 8 of the Dungeon)
  5665 | D:8      | Reached skill level 8 in Armour
  5704 | D:8      | Noticed a centaur skeleton
  5727 | D:8      | Killed a centaur skeleton
  5800 | D:8      | Reached **** piety under Okawaru
  5850 | D:8      | Reached skill level 9 in Armour
  5855 | D:8      | Reached XP level 10. HP: 24/88 MP: 9/9
  5992 | D:8      | Found Xenuov's Antique Armour Shoppe.
  6361 | D:9      | Noticed Joseph
  6370 | D:9      | Reached ***** piety under Okawaru
  6385 | D:9      | Killed Joseph
  6491 | D:10     | Entered Level 10 of the Dungeon
  6504 | D:10     | Noticed skk's ghost (novice MiGl)
  6626 | D:10     | Killed skk's ghost
  6873 | D:9      | Reached skill level 10 in Armour
  7122 | D:10     | Found Peud's Food Shoppe.
  7161 | D:10     | Reached skill level 10 in Shields
  7250 | D:10     | Reached skill level 10 in Fighting
  7376 | D:10     | Noticed an unseen horror
  7402 | D:10     | Killed an unseen horror
  7402 | D:10     | Received a gift from Okawaru
  7402 | D:10     | Reached XP level 11. HP: 95/100 MP: 10/10
  7554 | D:10     | Noticed an unseen horror
  7567 | D:10     | Killed an unseen horror
  7614 | D:11     | Noticed a five-headed hydra
  8111 | D:11     | Killed a five-headed hydra
  8247 | D:11     | Reached skill level 11 in Armour
  8705 | D:11     | Found a staircase to the Lair.
  9372 | Lair:1   | Entered Level 1 of the Lair of Beasts
  9410 | D:11     | Received a gift from Okawaru
  9427 | D:11     | Got a twisted quick blade {god gift}
  9428 | D:11     | Identified the +9 quick blade "Foesub" {antimagic, +Blink rF+ MR+ Str+3} (Okawaru gifted it to you on level 11 of the Dungeon)
  9625 | Lair:1   | Reached XP level 12. HP: 79/110 MP: 3/11
  9638 | Lair:1   | Reached skill level 1 in Maces & Flails
  9689 | Lair:1   | Noticed Gastronok
  9715 | Lair:1   | Killed Gastronok
  9715 | Lair:1   | Reached skill level 10 in Long Blades
 10244 | Lair:2   | Reached ****** piety under Okawaru
 10728 | Lair:3   | Reached skill level 12 in Armour
 10731 | Lair:3   | Received a gift from Okawaru
 10783 | Lair:3   | Got a heavily runed cloak {god gift}
 10789 | Lair:3   | Identified the -6 cloak of Disappointment {*Drain MR++ SInv Stlth+} (Okawaru gifted it to you on level 3 of the Lair of Beasts)
 11183 | Lair:3   | Found a dark tunnel.
 11250 | Lair:3   | Found a hole to the Spider Nest.
 11286 | Volcano  | Entered a volcano
 11647 | Lair:5   | Reached skill level 5 in Maces & Flails
 11977 | Lair:4   | Reached XP level 13. HP: 119/119 MP: 4/12
 12344 | Lair:6   | Found a staircase to the Swamp.
 12349 | Lair:6   | Noticed Kirke
 12378 | Lair:6   | Killed Kirke
 12517 | Lair:5   | Received a gift from Okawaru
 12672 | Lair:6   | Reached skill level 13 in Shields
 12770 | Lair:7   | Found a staircase to the Slime Pits.
 13276 | Lair:8   | Entered Level 8 of the Lair of Beasts
 13809 | Lair:7   | Identified a scroll of acquirement
 14234 | Lair:8   | Noticed a dire elephant
 14234 | Lair:8   | Noticed a dire elephant
 14286 | Lair:8   | HP: 6/122 [dire elephant (17)]
 14291 | Lair:8   | HP: 6/122 [dire elephant (16)]
 14300 | Lair:8   | Killed a dire elephant
 14300 | Lair:8   | Received a gift from Okawaru
 14311 | Lair:8   | Slain by a dire elephant

Action                   |  1- 3 |  4- 6 |  7- 9 | 10-12 | 13-15 || total
-------------------------+-------+-------+-------+-------+-------++-------
Melee: Long sword        |   114 |    40 |       |       |       ||   154
       Dagger            |       |   116 |   316 |   284 |    20 ||   736
       Rapier            |       |       |    18 |   339 |       ||   357
       Short sword       |       |       |       |    22 |     2 ||    24
       Quick blade       |       |       |       |   475 |   677 ||  1152
       Morningstar       |       |       |       |     2 |       ||     2
Throw: Tomahawk          |    10 |     2 |    11 |    57 |       ||    80
       Javelin           |       |       |       |       |     3 ||     3
Invok: Heroism           |       |       |       |     2 |     1 ||     3
       Finesse           |       |       |       |     1 |       ||     1
Evoke: Wand              |       |       |     1 |     6 |     2 ||     9
       Disc of storms    |       |       |       |     1 |       ||     1
  Use: Scroll            |       |     1 |     5 |     5 |     8 ||    19
       Potion            |       |       |       |    16 |     3 ||    19
  Eat: Chunk             |     1 |     1 |     4 |    16 |     5 ||    27
       Bread ration      |       |     2 |       |     1 |     1 ||     4
       Beef jerky        |       |       |     1 |     1 |       ||     2
